Map: Newkirk Precinct TE (Void)

Players

Dolan

  • Race: Terran Terran
  • Spawn Location: 7:00

Zanster - Winner!

  • Race: Zerg Zerg
  • Spawn Location: 5:00

Event: WCS Austin 2017

VOD

Have the link to the VOD?

Description

Time

  • Played on: April 28, 2017, 2:03 p.m.
  • Length: 10:12

All games in this series

Show
View Real Time Build Order
Export as new Build Order

Dolan Terran 

Build Orders: Reaper Expand 

Get SALT Encoding   

  12  0:01  SCV  
  13  0:13  SCV  
  14  0:18  Supply Depot  
  14  0:25  SCV  
  15  0:29  Refinery  
  15  0:40  SCV  
  16  0:45  Barracks  
  16  0:52  SCV  
  17  1:04  SCV  
  18  1:16  SCV  
  19  1:32  Reaper, Orbital Command  
  20  1:47  Command Center  
  20  1:57  SCV  
  21  2:01  Factory  
  21  2:06  Barracks Reactor  
  21  2:10  SCV  
  22  2:16  Supply Depot  
  22  2:21  Refinery  
  22  2:22  SCV  
  23  2:38  SCV  
  24  2:50  SCV  
  24  2:51  Armory  
  25  2:55  Hellion x2, Marine  
  30  3:01  Orbital Command  
  30  3:06  SCV  
  31  3:17  Hellion x2  
  35  3:25  Factory  
  35  3:27  SCV  
  35  3:29  SCV  
  37  3:39  Barracks Reactor  
  37  3:40  SCV  
  38  3:41  SCV  
  38  3:46  Hellbat x2  
  43  3:51  Supply Depot  
  43  4:04  SCV  
  43  4:05  SCV  
  45  4:13  Cyclone x2  
  45  4:17  SCV x2  
  53  4:23  Supply Depot x2  
  53  4:28  Hellion x3  
  53  4:29  SCV x2  
  53  4:38  Hellion  
  51  4:44  Hellion  
  53  4:47  Cyclone x2  
  53  4:49  SCV  
  53  4:50  SCV  
  61  5:04  Command Center  
  61  5:07  SCV x2  
  63  5:17  Hellion x2  
  67  5:22  Supply Depot  
  67  5:24  SCV x2  
  69  5:36  SCV x2  
  69  5:40  Cyclone x2  
  77  5:45  Refinery x2  
  77  5:48  SCV x2, Terran Vehicle Weapons Level 1  
  79  5:51  Supply Depot  
  70  6:05  SCV x2  
  70  6:06  Cyclone x2  
  76  6:17  SCV x2  
  74  6:23  Hellion x2  
  74  6:30  Orbital Command  
  74  6:31  SCV x2  
  67  6:40  Cyclone x2  
  67  6:43  SCV x2  
  67  6:44  Hellion  
  67  6:45  Hellion  
  67  6:46  Supply Depot  
  79  6:56  SCV x2  
  79  7:01  Orbital Command  
  81  7:05  Factory  
  81  7:07  Factory x2  
  81  7:08  SCV  
  82  7:11  Hellion x2  
  86  7:16  Supply Depot, Engineering Bay  
  86  7:25  SCV x2  
  86  7:29  Refinery  
  88  7:31  Cyclone x2  
  88  7:32  SCV  
  88  7:33  Refinery  
  89  7:37  SCV x2  
  89  7:45  SCV  
  89  7:46  Cyclone x2  
  89  7:49  SCV  
  89  7:50  SCV  
  98  7:57  SCV  
  99  8:01  Cyclone x3  
  99  8:03  Hellion  
  110  8:12  Hellion  
  112  8:18  Cyclone  
  115  8:23  Hellion  
  115  8:25  Hellion  
  109  8:33  Cyclone x3  
  102  8:47  Cyclone  
  102  8:48  Cyclone, Hellion  
  107  8:49  SCV  
  107  8:50  SCV x2  
  107  8:51  Hellion  
  112  9:00  Supply Depot  
  112  9:02  Supply Depot  
  113  9:05  Cyclone, Hellion x2  
  113  9:09  Hellion  
  121  9:10  SCV x2  
  126  9:17  Cyclone  
  126  9:20  Hellion  
  128  9:26  Cyclone x2  
  134  9:38  Cyclone  
  131  9:45  Hellion  
  131  9:49  Hellion  
Show
View Real Time Build Order
Export as new Build Order

Zanster Zerg - Winner!

Build Orders: Hatch First 

Get SALT Encoding   

  12  0:00  Drone  
  13  0:14  Overlord  
  13  0:17  Drone  
  14  0:32  Drone  
  14  0:33  Drone  
  16  0:36  Drone  
  17  0:54  Hatchery  
  17  0:56  Drone  
  17  0:59  Drone  
  18  1:10  Extractor  
  17  1:14  Spawning Pool  
  17  1:18  Drone  
  17  1:21  Drone  
  18  1:30  Drone  
  19  1:41  Overlord  
  19  2:01  Queen  
  19  2:02  Zergling x4  
  19  2:06  Queen, Zergling x2  
  26  2:11  Metabolic Boost  
  26  2:15  Drone  
  27  2:18  Drone  
  28  2:23  Drone  
  28  2:28  Drone  
  30  2:35  Drone  
  31  2:41  Queen  
  33  2:44  Drone  
  33  2:46  Overlord  
  33  2:49  Drone  
  33  2:50  Pneumatized Carapace  
  35  2:55  Drone  
  36  3:05  Drone  
  37  3:10  Overlord  
  37  3:12  Drone  
  38  3:14  Drone  
  38  3:15  Drone x3  
  38  3:16  Drone  
  38  3:17  Drone  
  43  3:36  Drone, Hatchery  
  43  3:39  Queen  
  45  3:46  Baneling Nest  
  45  3:47  Drone  
  45  3:48  Queen  
  45  3:51  Drone  
  45  3:52  Drone  
  49  3:56  Zergling x4  
  49  4:02  Zergling x4  
  52  4:05  Zergling x6  
  52  4:09  Overlord  
  50  4:17  Queen  
  52  4:27  Drone x8  
  60  4:35  Overlord  
  56  4:39  Lair  
  56  4:40  Roach Warren  
  56  4:41  Drone  
  56  4:42  Drone  
  57  4:49  Baneling x4  
  57  4:50  Baneling  
  57  4:51  Zergling x4  
  57  4:52  Drone  
  60  4:55  Extractor  
  60  4:56  Extractor  
  60  4:59  Drone  
  59  5:00  Drone x3  
  59  5:01  Drone  
  59  5:03  Drone x2  
  59  5:06  Drone x2  
  67  5:10  Drone  
  68  5:23  Roach x2  
  68  5:25  Overlord  
  68  5:26  Overlord  
  72  5:31  Roach, Evolution Chamber  
  72  5:34  Evolution Chamber  
  72  5:36  Overlord  
  72  5:37  Baneling x4  
  72  5:38  Hatchery  
  72  5:42  Overlord  
  71  5:43  Roach  
  71  5:44  Zergling x6  
  76  5:52  Roach x2  
  76  5:53  Overlord  
  80  6:00  Roach, Zergling x14  
  83  6:04  Overlord  
  83  6:10  Roach x4  
  81  6:16  Roach x2  
  78  6:22  Zergling x2, Roach  
  75  6:27  Queen, Glial Reconstitution  
  75  6:28  Queen  
  75  6:30  Queen  
  77  6:39  Drone x5  
  82  6:41  Extractor  
  82  6:43  Zerg Missile Weapons Level 1, Extractor  
  82  6:45  Overlord  
  80  6:50  Queen  
  80  6:51  Roach  
  80  6:52  Roach x2  
  80  6:53  Ravager  
  89  6:56  Overlord  
  89  6:59  Drone  
  90  7:06  Queen  
  90  7:08  Roach, Zergling x2  
  94  7:12  Zergling x6, Roach, Extractor  
  99  7:16  Overlord, Zerg Ground Armor Level 1  
  98  7:23  Ravager  
  98  7:29  Drone x4  
  103  7:31  Ravager x2  
  103  7:36  Roach x2, Zergling x8  
  112  7:42  Zergling x12  
  116  7:50  Zergling x8  
  120  7:54  Ravager  
  120  7:57  Ravager x2  
  120  7:58  Overlord  
  123  7:59  Ravager  
  123  8:04  Roach  
  126  8:05  Overlord  
  126  8:06  Overlord x3  
  126  8:10  Infestation Pit  
  125  8:13  Drone  
  125  8:14  Drone  
  125  8:16  Overlord  
  125  8:19  Roach x5  
  123  8:30  Roach x5, Zergling x2  
  127  8:44  Roach x5  
  127  8:45  Roach x2  
  138  8:49  Overlord  
  138  8:55  Drone  
  138  8:56  Drone x6  
  145  9:04  Ravager  
  145  9:06  Drone x3  
  149  9:16  Roach  
  153  9:17  Roach  
  155  9:24  Roach x4  
  161  9:34  Roach x6  
  161  9:36  Overlord  
  173  9:43  Roach  
  173  9:44  Roach x3  
  179  9:50  Ravager  
  179  9:51  Ravager x2  
  182  9:53  Overlord  
  182  9:54  Ravager  
Tags
 
Add a new tag
Caveats
  • Supply blocks, unpowered buildings, or Contaminate may cause inaccurate times.
  • Supply counts are checked every 10 seconds.